 Dungeon Crawl Stone Soup version 0.16.1-11-g651b585 (webtiles) character file.

200 NimbyDagda the Chucker (level 6, -3/37 HPs)
             Began as a Kobold Hunter on Mar 30, 2015.
             Slain by a gnoll
             ... wielding a +0 spear
              (5 damage)
             ... on level 4 of the Dungeon.
             The game lasted 00:33:45 (3574 turns).

NimbyDagda the Chucker (Kobold Hunter)              Turns: 3574, Time: 00:33:49

Health: -3/37      AC:  3    Str: 15      XL:     6   Next: 6%
Magic:  6/6        EV: 17    Int:  5 (9)  God:
Gold:   172        SH:  0    Dex: 23      Spells: 0 memorised, 5 levels left

rFire  . . .     SeeInvis .     a - +1 short sword
rCold  . . .     Clarity  .     r - +0 leather armour
rNeg   . . .     SustAb   .     (no shield)
rPois  .         Gourm    .     (no helmet)
rElec  .         Spirit   .     (no cloak)
rCorr  .         Warding  .     (no gloves)
rMut   .         Stasis   .     (no boots)
MR     .....                    (no amulet)
Stlth  +++.......               (no ring)
                                p - +4 ring of dexterity

@: mighty, very slightly contaminated, not resistant to hostile enchantments,
fairly stealthy
A: carnivore 3
a: no special abilities


You were on level 4 of the Dungeon.
You were full.

You visited 1 branch of the dungeon, and saw 5 of its levels.

You collected 172 gold pieces.

Inventory:

Hand weapons
 a - a +1 short sword (weapon)
 s - a +0 hunting sling
Missiles
 i - 18 poisoned arrows
 q - 17 bolts
 t - 2 tomahawks (quivered)
 v - 15 arrows
Armour
 d - a +0 leather armour
 r - a +0 leather armour (worn)
Jewellery
 p - a +4 ring of dexterity (left hand)
Magical devices
 g - a wand of fire (3)
Scrolls
 c - a scroll of recharging
 e - 3 scrolls of remove curse
 j - 3 scrolls of identify
 o - a scroll of enchant weapon
Potions
 k - 5 potions of curing
 m - a potion of resistance {unknown}
Comestibles
 f - 2 meat rations
 l - 3 slices of pizza
 n - a beef jerky


   Skills:
 + Level 3.2 Fighting
 + Level 7.3 Throwing
 - Level 0.5 Armour
 + Level 3.4 Dodging
 + Level 3.2 Stealth


You had 5 spell levels left.
You didn't know any spells.

Dungeon Overview and Level Annotations

Branches:
Dungeon (5/15)
 Temple: D:4-7

Altars:
Makhleb
Qazlal
Trog

Annotations:
D:4 Eustachio


Innate Abilities, Weirdness & Mutations

You are small and have problems with some larger weapons.
You are carnivorous and can eat meat at any time.


Message History

As you read the scroll labeled SHRIEB QOPU, it crumbles to dust.
You feel aware of your surroundings.
It was a scroll of magic mapping.
The bat hits you but does no damage. The bat misses you.
The bat completely misses you. The gnoll completely misses you.
The bat hits you but does no damage. The gnoll barely misses you.
Drink which item? (? for menu, Esc to quit)
It was a potion of might.
You feel very mighty all of a sudden. The bat hits you.
* * * LOW HITPOINT WARNING * * *
The bat hits you but does no damage. The gnoll closely misses you.
The gnoll barely misses you.
Drink which item? (? for menu, Esc to quit)
It was a potion of degeneration.
There was something very wrong with that liquid.
You feel dopey. The bat hits you but does no damage. x2
The gnoll misses you. The bat barely misses you.
The gnoll hits you from afar with a spear.
You die...

*** *,* ****,*
*,,,,##########
*,**,........<##*###
#.#############.,..#
#.....b.......#@##.#**
***##@.b........,...,,
###..#@#.......##.#**
#..gg#.#.*...#..#.###
#...g#...............
#......#,*##.#.##.###
#......#,###.#....#
#....#.#.......#..#
#.$..#.####..###..###
#..[......#...b....#.


You could see Eustachio, 3 gnolls and 2 bats.

Vanquished Creatures
  A hound (D:4)
  An orc wizard (D:3)
  4 adders
  2 giant mites
  A worm (D:3)
  An adder skeleton (D:4)
  An ooze (D:1)
  4 orcs
  2 ball pythons
  11 bats
  7 giant cockroaches
  8 goblins
  15 hobgoblins
  3 jackals (D:3)
  8 kobolds
  4 giant newts
  5 rats
78 creatures vanquished.

Notes
Turn   | Place    | Note
--------------------------------------------------------------
     0 | D:1      | NimbyDagda, the Kobold Hunter, began the quest for the Orb.
     0 | D:1      | Reached XP level 1. HP: 12/12 MP: 1/1
   160 | D:1      | Reached XP level 2. HP: 12/17 MP: 2/2
   346 | D:1      | Reached skill level 6 in Throwing
   494 | D:1      | Reached XP level 3. HP: 21/21 MP: 3/3
  1380 | D:2      | Reached XP level 4. HP: 26/26 MP: 4/4
  1627 | D:2      | Found a stormy altar of Qazlal.
  1627 | D:2      | Found a burning altar of Makhleb.
  2474 | D:3      | Reached skill level 7 in Throwing
  2483 | D:3      | Reached XP level 5. HP: 31/31 MP: 5/5
  3392 | D:4      | Found a bloodstained altar of Trog.
  3406 | D:5      | Entered Level 5 of the Dungeon
  3461 | D:4      | Reached XP level 6. HP: 18/37 MP: 6/6
  3539 | D:4      | Noticed Eustachio
  3573 | D:4      | HP: 1/37 [bat[Eustachio] (1)]
  3574 | D:4      | Slain by a gnoll

Action                   |  1- 3 |  4- 6 || total
-------------------------+-------+-------++-------
Melee: Short sword       |    10 |    53 ||    63
Throw: Tomahawk          |    74 |   103 ||   177
       Throwing net      |       |     5 ||     5
  Use: Scroll            |     2 |     7 ||     9
       Potion            |       |     2 ||     2
 Stab: Held in net/web   |       |     1 ||     1
  Eat: Meat ration       |     1 |       ||     1
       Chunk             |       |     6 ||     6
